Map: Neon Violet Square LE

Players

demuLarva - Winner!

  • Race: Terran Terran
  • League: Grandmaster
  • Spawn Location: 11:00

llllllllllll

  • Race: Protoss Protoss
  • League: Grandmaster
  • Spawn Location: 5:00

VOD

Have the link to the VOD?

Description

Standard TvP

Time

  • Played on: April 21, 2018, 5:50 p.m.
  • Length: 8:22
Show
View Real Time Build Order
Export as new Build Order

demuLarva Terran - Winner!

Build Orders: Reaper Expand, MMM Bio 

Get SALT Encoding   

  12  0:01  SCV  
  13  0:13  SCV  
  14  0:18  Supply Depot  
  14  0:25  SCV  
  15  0:29  Refinery  
  15  0:39  SCV  
  16  0:46  Barracks  
  16  0:51  SCV  
  17  1:03  SCV  
  18  1:16  SCV  
  19  1:32  Orbital Command  
  19  1:33  Reaper  
  20  1:45  Command Center  
  20  1:57  Factory  
  20  2:00  SCV  
  21  2:06  Barracks Reactor  
  21  2:12  Supply Depot  
  21  2:13  SCV  
  22  2:25  SCV  
  23  2:36  Barracks  
  23  2:38  SCV  
  24  2:47  Hellion x2  
  24  2:49  Barracks Tech Lab  
  24  2:50  SCV  
  29  2:57  Orbital Command  
  29  3:06  SCV  
  29  3:09  Stimpack  
  29  3:11  Marine  
  31  3:19  SCV  
  32  3:21  Factory Reactor  
  32  3:24  SCV, Refinery, Barracks  
  33  3:29  Marine  
  33  3:31  SCV  
  33  3:33  Marine x2  
  37  3:37  Supply Depot  
  37  3:39  SCV  
  38  3:43  SCV  
  38  3:44  Engineering Bay  
  39  3:49  Marine  
  39  3:52  SCV  
  39  3:54  Marine x2  
  43  3:55  SCV  
  43  3:59  Starport  
  44  4:04  SCV  
  44  4:08  SCV, Factory Reactor  
  46  4:12  Refinery  
  46  4:15  Marine x3  
  46  4:16  SCV  
  50  4:20  SCV, Terran Infantry Weapons Level 1  
  51  4:25  Supply Depot, Marine  
  51  4:28  SCV  
  51  4:29  Marine  
  54  4:41  Supply Depot  
  54  4:46  Marine x2  
  54  4:47  SCV x2, Marauder  
  54  4:52  Supply Depot, Marine x2  
  62  5:00  Supply Depot  
  62  5:02  Medivac x2, SCV  
  62  5:04  Marine  
  68  5:07  Marine  
  68  5:10  Marine  
  68  5:12  Combat Shields  
  68  5:13  Marine  
  68  5:14  Marauder  
  73  5:16  SCV  
  74  5:22  Marine  
  74  5:24  Supply Depot  
  74  5:25  Marine  
  74  5:28  Marine  
  77  5:32  Medivac x2  
  81  5:37  Marine  
  81  5:38  Marauder  
  84  5:43  Supply Depot  
  84  5:44  Supply Depot, Marine x2  
  84  5:46  Marine  
  87  5:55  Marine  
  88  6:00  Marauder  
  88  6:02  Marine x2  
  90  6:10  Marine  
  83  6:13  Marine, Viking  
  83  6:14  Viking  
  83  6:17  Terran Infantry Armor Level 1  
  85  6:20  Marine x2, SCV x2  
  85  6:21  Marauder  
  85  6:22  Refinery  
  91  6:28  Marine  
  92  6:33  Marine  
  92  6:37  Marine  
  92  6:38  Marine  
  92  6:39  Concussive Shells  
  95  6:42  Marauder  
  95  6:43  Viking  
  95  6:44  Viking  
  95  6:45  Marine  
  102  6:48  Supply Depot  
  102  6:51  Marine  
  102  6:55  Marine x2  
  100  7:03  Marine  
  100  7:04  Marauder  
  98  7:09  Marine  
  98  7:13  Marine x2, Viking  
  97  7:19  Viking  
  97  7:21  Marine  
  96  7:23  SCV x2  
  96  7:25  Marauder  
  96  7:27  Marine  
  101  7:31  Marine x2  
  103  7:39  Marine  
  103  7:43  Viking  
  106  7:45  Marine  
  106  7:47  Marauder  
  106  7:49  Marine x2, Viking  
  106  7:50  Command Center  
  113  7:57  Marine  
  114  8:02  Supply Depot x2, Marine  
Show
View Real Time Build Order
Export as new Build Order

llllllllllll Protoss 

Build Orders: 1 Gate Expand, Colossus Rush 

Get SALT Encoding   

  12  0:01  Probe  
  13  0:13  Probe  
  14  0:18  Pylon  
  14  0:24  Probe  
  15  0:32  Probe  
  15  0:39  Gateway  
  15  0:40  Probe  
  16  0:46  Assimilator  
  17  0:51  Probe  
  18  1:03  Probe  
  19  1:16  Probe  
  20  1:24  Nexus  
  20  1:34  Cybernetics Core  
  20  1:39  Assimilator  
  20  1:42  Probe  
  21  1:51  Pylon  
  21  1:52  Probe  
  21  2:00  Probe  
  22  2:01  Adept  
  23  2:08  Probe  
  23  2:11  Warp Gate  
  26  2:20  Probe  
  26  2:21  Stalker  
  29  2:35  Robotics Facility  
  29  2:37  Probe  
  29  2:40  Probe  
  31  2:49  Probe  
  32  2:52  Stalker, Probe  
  35  3:01  Probe  
  35  3:02  Probe  
  37  3:10  Probe  
  37  3:13  Probe  
  37  3:15  Gateway  
  37  3:19  Probe  
  39  3:23  Gateway  
  39  3:27  Probe  
  39  3:33  Gateway, Probe  
  39  3:39  Probe, Shield Battery  
  39  3:40  Observer  
  42  3:41  Probe  
  42  3:46  Pylon  
  43  3:49  Probe  
  43  3:51  Probe  
  43  3:54  Assimilator  
  45  3:58  Assimilator  
  45  4:01  Probe  
  45  4:02  Pylon  
  46  4:04  Probe  
  46  4:07  Observer  
  48  4:13  Probe, Robotics Bay  
  48  4:16  Probe  
  50  4:18  Stalker x2  
  54  4:25  Stalker, Probe  
  54  4:30  Pylon  
  59  4:31  Observer  
  60  4:43  Colossus  
  58  4:49  Sentry  
  58  4:50  Nexus  
  58  4:51  Pylon  
  60  5:02  Probe  
  60  5:03  Probe  
  68  5:08  Extended Thermal Lance  
  68  5:14  Probe  
  68  5:15  Probe  
  68  5:17  Shield Battery  
  68  5:18  Sentry, Shield Battery  
  72  5:23  Zealot  
  72  5:24  Zealot  
  72  5:27  Probe  
  72  5:28  Pylon  
  77  5:31  Probe  
  78  5:37  Colossus  
  78  5:46  Twilight Council, Probe  
  85  5:50  Probe  
  86  5:58  Probe  
  86  6:00  Forge  
  86  6:02  Adept  
  88  6:04  Pylon  
  88  6:10  Stalker x2  
  84  6:13  Colossus  
  84  6:15  Probe  
  84  6:17  Probe x2  
  85  6:23  Sentry  
  87  6:27  Probe  
  87  6:29  Probe x2  
  96  6:35  Shield Battery  
  96  6:38  Stalker  
  96  6:39  Pylon, Probe  
  99  6:41  Zealot, Probe  
  99  6:42  Probe  
  103  6:52  Probe  
  104  6:56  Zealot  
  87  7:03  Stalker x2  
  87  7:07  Probe  
  72  7:16  Probe  
  72  7:17  Probe  
  72  7:20  Stalker  
  72  7:22  Probe  
  75  7:24  Assimilator  
  75  7:26  Assimilator  
  75  7:28  Probe  
  75  7:33  Stalker x2  
  79  7:39  Probe x2  
  79  7:40  Probe  
  82  7:46  Stalker  
  82  7:51  Probe x2  
  85  7:52  Probe  
  87  7:59  Stalker  
  87  8:00  Stalker  
  87  8:03  Probe x2  
  93  8:12  Stalker  
Tags
 
Add a new tag
Caveats
  • Supply blocks, unpowered buildings, or Contaminate may cause inaccurate times.
  • Supply counts are checked every 10 seconds.